AoeStats
← BigJ

Arabia

509252093Analyzed
2v2 RM · 5d ago on Sep 26, 2026· 34m 21s· 4 players
Game mode
Random Map
Map size
Medium (4 player)
Population
200
Speed
Normal
Resources
Standard
Victory
Conquest
Starting age
Dark Age
Ending age
Imperial Age
RankedLock teamsTeams togetherTeam positionsShared explorationLock speedFull tech treeHidden civsTurbo modeCheats
Victory
Defeat
🇺🇸 Romans · United States
883
+14
🇺🇸 Vietnamese · United States
859
+14
🇺🇸 Danes · United States
832
-14
🇺🇸 Saxons · United States
827
-14
TheBoss2333
5:45 Loom
11:45 Feudal Age
12:34 Double-Bit Axe
13:08 Horse Collar
13:22 Gold Mining
BigJ
10:35 Feudal Age
20:45 Castle Age
20:27 Fletching
21:23 Padded Archer Armor
21:45 Crossbowman
22:52 Loom
26:53 Thumb Ring
Radsvid
9:44 Feudal Age
9:50 Man-at-Arms
10:23 Double-Bit Axe
19:40 Loom
21:57 Castle Age
19:43 Loom
21:07 Loom
22:02 Long Swordsman
22:44 Squires
23:07 Scale Mail Armor
25:32 Forging
25:38 Chain Mail Armor
25:30 Elite Skirmisher
34:11 Iron Casting
Xargav
8:00 Loom
10:13 Feudal Age
11:16 Double-Bit Axe
13:46 Horse Collar
15:47 Wheelbarrow
14:59 Town Watch
20:55 Fletching
21:05 Padded Archer Armor
23:33 Castle Age
22:44 Scale Mail Armor
24:44 Bow Saw
24:17 Crossbowman
24:18 Elite Skirmisher
24:20 Pikeman
25:13 Heavy Plow
26:39 Bodkin Arrow
27:43 Ballistics
29:36 Hand Cart
29:22 Town Patrol
34:02 Imperial Age
32:38 Thumb Ring
33:21 Squires
Connection lost

Rejoining the realm…

Still unreachable

The connection could not be restored.

Session expired

The server has moved on; the page needs a fresh start.